 Dungeon Crawl Stone Soup version 0.20-a0-465-g6513c8f (webtiles) character file.

12576 ololoev the Destroyer (level 11, -2/68 HPs)
             Began as a Barachian Fire Elementalist on Jan 12, 2017.
             Was an Elder of Vehumet.
             Slain by Snorg (4 damage)
             ... on level 11 of the Dungeon.
             The game lasted 00:52:35 (16408 turns).

ololoev the Destroyer (BaFE)                       Turns: 16408, Time: 00:52:36

Health: -2/68      AC:  5    Str:  6    XL:     11   Next: 95%
Magic:  13/25      EV: 14    Int: 13    God:    Vehumet [****..]
Gold:   312        SH:  0    Dex: 14    Spells: 20/30 levels left

rFire  + . .     SeeInvis .     a - +6 morningstar (distort)
rCold  . . .     Gourm    +     D - +0 robe
rNeg   . . .     Faith    .     (no shield)
rPois  .         Spirit   .     y - +0 helmet
rElec  .         Reflect  .     M - +0 cloak
rCorr  .         Harm     .     G - +0 pair of gloves
MR     .....                    (no boots)
Stlth  ++........               b - amulet of the gourmand
                                v - ring of fire
                                s - ring of protection from cold

@: slow
A: swims, repulsion field 1, agile 1, dopey 2, slowness 1, strong legs 1
a: Hop, Renounce Religion


Innate Abilities, Weirdness & Mutations

You can swim through water.
You cover ground slowly.
You can hop short distances.
You are surrounded by a mild repulsion field. (EV +2)
You are agile. (Dex +2)
You are very dopey. (Int -4)

Inventory:

Hand Weapons
 a - a +6 morningstar of distortion (weapon)
 C - a +0 demon whip of draining
Missiles
 f - a throwing net (quivered)
Armour
 y - a +0 helmet (worn)
 D - a +0 robe (worn)
 G - a +0 pair of gloves (worn)
 M - a +0 cloak (worn)
Magical Staves
 N - an uncursed staff of cold {unknown}
Jewellery
 b - an amulet of the gourmand (around neck)
 s - a ring of protection from cold (left hand)
 v - a ring of fire (right hand)
 L - an uncursed ring of see invisible
Wands
 w - a wand of disintegration (15/24)
 z - a wand of scattershot (0/9)
 K - a wand of iceblast (0/15)
Scrolls
 j - 3 scrolls of remove curse
 k - 5 scrolls of teleportation
 n - 2 scrolls of enchant armour
 o - a scroll of amnesia
 p - a scroll of fear
 r - 5 scrolls of recharging {unknown}
 u - 2 scrolls of fog
 B - 4 scrolls of blinking {unknown}
 J - a scroll of silence {unknown}
 O - a scroll of magic mapping {unknown}
Potions
 d - 3 potions of flight
 e - 2 potions of heal wounds {unknown}
 h - 4 potions of curing
 i - 3 potions of brilliance {unknown}
 l - a potion of beneficial mutation {unknown}
 m - a potion of cure mutation {unknown}
 q - 2 potions of might
 t - 4 potions of lignification
 x - 3 potions of cancellation {unknown}
 E - 3 potions of haste {unknown}
 F - 2 potions of mutation {unknown}
 I - 2 potions of berserk rage
 P - a potion of agility {unknown}
 Q - a potion of magic
Comestibles
 c - 8 bread rations
 g - 6 meat rations
 A - 3 fruits
 H - 2 beef jerkies
 R - 2 chunks of flesh


   Skills:
 - Level 2.0 Dodging
 - Level 2.0 Stealth
 + Level 10.0 Spellcasting
 + Level 13.4 Conjurations
 - Level 3.0 Fire Magic
 * Level 7.6 Ice Magic


You had 20 spell levels left.
You knew the following spells:

 Your Spells              Type           Power        Failure   Level  Hunger
a - Throw Frost           Conj/Ice       ####..       1%          2    None
b - Conjure Flame         Conj/Fire      #####...     1%          3    #......
c - Sticky Flame          Conj/Fire      #####...     1%          4    ###....
d - Flame Tongue          Conj/Fire      #####        1%          1    None


You were on level 11 of the Dungeon.
You worshipped Vehumet.
Vehumet was greatly pleased with you.
You were completely stuffed.

You visited 2 branches of the dungeon, and saw 12 of its levels.
You also visited: Ossuary.

You collected 578 gold pieces.
You spent 266 gold pieces at shops.

.......# .......# ..
.......# #..
.......# ...
.####### #.# .# ...
.# #ยง### .# #.T.#
.# #@# .# ######.###
.##########........#
...................#
.##########........#
.# #........# .#
#........# .#
#........# .#
#.....)..#

Notes
Turn   | Place    | Note
-------+----------+-------------------------------------------
     0 | D:1      | ololoev the Barachian Fire Elementalist began the quest for the Orb.
     0 | D:1      | Reached XP level 1. HP: 13/13 MP: 3/3
   166 | D:1      | Reached XP level 2. HP: 14/19 MP: 1/5
   378 | D:1      | Reached skill level 2 in Conjurations
   836 | D:2      | Reached XP level 3. HP: 24/24 MP: 4/6
  1492 | D:2      | Reached skill level 3 in Conjurations
  2129 | D:2      | Reached XP level 4. HP: 30/30 MP: 3/8
  2470 | D:2      | Learned a level 3 spell: Conjure Flame
  2608 | D:3      | Found a white marble altar of Elyvilon.
  2619 | D:3      | Became a worshipper of Elyvilon the Healer
  2928 | D:3      | Reached XP level 5. HP: 35/35 MP: 1/9
  3193 | D:3      | Found a blossoming altar of Fedhas.
  3386 | D:3      | Reached skill level 4 in Conjurations
  3615 | D:4      | Noticed Sigmund
  3706 | D:4      | Learned a level 4 spell: Sticky Flame
  3787 | D:4      | Reached * piety under Elyvilon
  3826 | D:4      | Reached XP level 6. HP: 41/41 MP: 5/11
  4069 | D:4      | Reached skill level 5 in Conjurations
  4186 | D:4      | Found Vuutuec's Food Boutique.
  4344 | D:4      | Killed Sigmund
  4344 | D:4      | Reached skill level 6 in Conjurations
  4344 | D:4      | Reached XP level 7. HP: 22/46 MP: 1/13
  5023 | D:4      | Reached skill level 7 in Conjurations
  5029 | D:4      | Gained mutation: You are surrounded by a mild repulsion field. (EV +2) [mutagenic meat]
  5030 | D:4      | Gained mutation: You are dopey. (Int -2) [mutagenic meat]
  5031 | D:4      | Gained mutation: You are agile. (Dex +2) [mutagenic meat]
  5033 | D:4      | Gained mutation: You are very dopey. (Int -4) [mutagenic meat]
  5064 | D:5      | Entered Level 5 of the Dungeon
  5313 | D:5      | Reached skill level 5 in Spellcasting
  5313 | D:5      | Reached XP level 8. HP: 52/52 MP: 11/15
  5410 | D:5      | Noticed Grinder
  5426 | D:5      | Killed Grinder
  5458 | D:5      | Reached ** piety under Elyvilon
  5528 | D:5      | Found Tod Log's Armour Shop.
  5531 | D:5      | Found a staircase to the Ecumenical Temple.
  5537 | Temple   | Entered the Ecumenical Temple
  5616 | Temple   | Fell from the grace of Elyvilon
  5616 | Temple   | Became a worshipper of Vehumet
  5708 | D:5      | Reached skill level 8 in Conjurations
  5939 | D:5      | Found a stormy altar of Qazlal.
  6175 | D:6      | Found a sand-covered staircase.
  6253 | Ossuary  | Entered an ossuary
  6512 | Ossuary  | Reached * piety under Vehumet
  6512 | Ossuary  | Offered knowledge of Magic Dart by Vehumet.
  6887 | D:6      | Found a shattered altar of Ashenzari.
  7022 | D:6      | Found an iron altar of Okawaru.
  7029 | D:6      | Reached skill level 9 in Conjurations
  7092 | D:6      | Found a shadowy altar of Dithmenos.
  7122 | D:6      | Reached XP level 9. HP: 33/57 MP: 11/18
  7444 | D:6      | Found a shimmering altar of Xom.
  7646 | D:6      | You fall through a shaft!
  7646 | D:7      | Found a white marble altar of Elyvilon.
  7960 | D:7      | Reached skill level 10 in Conjurations
  8343 | D:7      | Noticed Menkaure
  8384 | D:7      | Killed Menkaure
  8693 | D:7      | Offered knowledge of Shock by Vehumet.
  8832 | D:7      | Reached ** piety under Vehumet
  9043 | D:7      | Found a glowing silver altar of Zin.
  9163 | D:8      | Noticed Joseph
  9170 | D:8      | Killed Joseph
  9170 | D:8      | Reached skill level 11 in Conjurations
  9279 | D:8      | Found a bloodstained altar of Trog.
  9286 | D:8      | Reached XP level 10. HP: 57/63 MP: 12/21
  9433 | D:8      | Noticed a two-headed ogre
  9451 | D:8      | Killed a two-headed ogre
  9812 | D:8      | Found a hazy altar of Hepliaklqana.
  9868 | D:8      | Found a snail-covered altar of Cheibriados.
 10012 | D:8      | Noticed a two-headed ogre
 10034 | D:8      | Killed a two-headed ogre
 10034 | D:8      | Reached skill level 12 in Conjurations
 10460 | D:8      | Found an ancient bone altar of Kikubaaqudgha.
 10731 | D:8      | Found a sacrificial altar of Ru.
 10731 | D:8      | Found a hide-covered altar of Uskayaw.
 10810 | D:9      | Offered knowledge of Throw Frost by Vehumet.
 10814 | D:9      | Learned a level 2 spell: Throw Frost
 10910 | D:9      | Reached skill level 1 in Ice Magic
 11198 | D:9      | Reached XP level 11. HP: 35/68 MP: 18/24
 11581 | D:9      | Reached *** piety under Vehumet
 11836 | D:9      | Noticed Psyche
 11842 | D:9      | Killed Psyche
 11880 | D:9      | Reached skill level 13 in Conjurations
 12071 | D:9      | Noticed a red ugly thing
 12374 | D:9      | Killed a red ugly thing
 12394 | D:9      | Reached skill level 5 in Ice Magic
 12535 | D:9      | Noticed a two-headed ogre
 12542 | D:9      | Killed a two-headed ogre
 12862 | D:9      | Offered knowledge of Stone Arrow by Vehumet.
 13250 | D:10     | Entered Level 10 of the Dungeon
 13900 | D:10     | Found Deysaih's Distillery.
 13907 | D:10     | Bought a potion of lignification for 42 gold pieces
 13907 | D:10     | Bought a potion of magic for 112 gold pieces
 13907 | D:10     | Bought a potion of flight for 42 gold pieces
 13907 | D:10     | Bought a potion of berserk rage for 70 gold pieces
 14794 | D:11     | Noticed Sonja
 15014 | D:11     | Noticed a two-headed ogre
 15024 | D:11     | Banished a two-headed ogre
 15061 | D:11     | Noticed a manticore
 15394 | D:11     | Reached **** piety under Vehumet
 15865 | D:11     | Found a staircase to the Lair.
 16019 | D:11     | Reached skill level 10 in Spellcasting
 16396 | D:11     | Noticed Snorg
 16408 | D:11     | HP: 2/68 [Snorg (2)]
 16408 | D:11     | Slain by Snorg

Dungeon Overview and Level Annotations

Branches:
Dungeon (11/15)            Temple (1/1) D:5            Lair (0/6) D:11
    Orc: D:9-12

Altars:
Ashenzari
Cheibriados
Dithmenos
Elyvilon
Fedhas
Hepliaklqana
Kikubaaqudgha
Makhleb
Nemelex Xobeh
Okawaru
Qazlal
Ru
Trog
Uskayaw
Vehumet
Xom
Zin
The Shining One

Shops:
D:4 %   D:5 [   D:10 !

Annotations:
D:11 Snorg, Sonja


Message History

A jelly comes into view.
Evoke which item? (* to show all) (? for menu, Esc to quit)
Aiming: Iceblast (will waste charges)
Press: ? - help, Shift-Dir - straight line The mass of ice explodes!
The iceblast engulfs Snorg.
Snorg is moderately wounded.
The jelly quivers.
Evoking this partially-identified wand wasted a few charges.
Unknown command.
Unknown command.
Unknown command.
Unknown command.
Unknown command.
Unknown command.
Evoke which item? (* to show all) (? for menu, Esc to quit)
Aiming: Iceblast (will waste charges)
Press: ? - help, Shift-Dir - straight line Nothing appears to happen.
Unknown command.
Evoke which item? (* to show all) (? for menu, Esc to quit)
Aiming: Scattershot (will waste charges)
Press: ? - help, Shift-Dir - straight line, f - jelly
Aim: a jelly The burst of metal fragments hits the jelly. x2
You kill the jelly!
Vehumet accepts your kill.
You feel your power returning.
Evoking this partially-identified wand wasted a few charges.
Unknown command.
Unknown command.
Casting: Conjure Flame
Confirm with . or Enter, or press ? or * to list all spells.
Aiming: Flame Tongue
Press: ? - help, Shift-Dir - straight line, f - Snorg
Aim: Snorg (lightly wounded)
You feel a surge of power!
The flame tongue hits Snorg.
Snorg is moderately wounded.
Casting: Flame Tongue
Confirm with . or Enter, or press ? or * to list all spells.
Aiming: Flame Tongue
Press: ? - help, Shift-Dir - straight line, f/p - Snorg
Aim: Snorg (moderately wounded)
You feel a surge of power!
The flame tongue hits Snorg.
Snorg is heavily wounded.
Casting: Flame Tongue
Confirm with . or Enter, or press ? or * to list all spells.
Aiming: Flame Tongue
Press: ? - help, Shift-Dir - straight line, f/p - Snorg
Aim: Snorg (heavily wounded)
You feel a surge of power!
The flame tongue hits Snorg.
Snorg is heavily wounded.
Snorg goes berserk!
Casting: Flame Tongue
Confirm with . or Enter, or press ? or * to list all spells.
Aiming: Flame Tongue
Press: ? - help, Shift-Dir - straight line, f/p - Snorg
Aim: Snorg (heavily wounded, berserk, fast, unusually strong)
You feel a surge of power!
The flame tongue misses Snorg.
Snorg is engulfed in roaring flames.
Casting: Flame Tongue
Confirm with . or Enter, or press ? or * to list all spells.
Aiming: Flame Tongue
Press: ? - help, Shift-Dir - straight line, f/p - Snorg
Aim: Snorg (flame, heavily wounded, berserk, fast, unusually strong)
You feel a surge of power!
The flame tongue hits Snorg.
Snorg is heavily wounded.
Snorg is engulfed in roaring flames.
Snorg bites you! Snorg misses you. Snorg claws you!!
Casting: Flame Tongue
Confirm with . or Enter, or press ? or * to list all spells.
Aiming: Sticky Flame
Press: ? - help, Shift-Dir - straight line, f/p - Snorg
Aim: Snorg (flame, heavily wounded, berserk, fast, unusually strong)
You feel a surge of power!
The sticky flame hits Snorg.
Snorg is severely wounded.
Snorg is covered in liquid flames!
Snorg burns!
Snorg is engulfed in roaring flames.
Snorg bites you! Snorg claws you! Snorg claws you.
Snorg is engulfed in roaring flames.
Snorg bites you. Snorg claws you.
You die...

You could see Snorg (berserk).

Vanquished Creatures
  3 two-headed ogres
  An ugly thing (D:9)
  Joseph (D:8)
  Psyche (D:9)
  A centaur skeleton (D:11)
  Grinder (D:5)
  2 hippogriffs (D:9)
  Sigmund (D:4)
  A spriggan (D:7)
  2 wyverns
  A vampire (D:11)
  11 yaks
  A wraith (D:8)
  2 hungry ghosts (D:9)
  Menkaure (D:7)
  An acid dragon (D:11)
  A hornet zombie (D:9)
  2 black bears (D:8)
  An orc warrior (D:10)
  5 sky beasts
  6 necrophages
  5 ogres
  2 phantoms
  6 centaurs
  8 bullfrogs
  A gnoll sergeant (D:6)
  A wyvern zombie (D:8)
  3 scorpions
  6 killer bees (D:7)
  3 jellies
  4 howler monkeys
  3 crimson imps
  A centaur zombie (D:8)
  3 hounds
  10 orc wizards
  A bullfrog skeleton (D:9)
  5 human zombies
  4 orc priests
  An iguana (D:4)
  8 worker ants
  A human skeleton (D:8)
  4 hound zombies (Ossuary)
  A hound skeleton (D:4)
  5 mummies
  2 howler monkey skeletons
  11 gnolls
  7 adders
  A shadow imp (D:9)
  2 oozes (D:1)
  An adder zombie (Ossuary)
  2 adder skeletons
  4 worms
  A dart slug (D:4)
  6 leopard geckos
  35 orcs
  3 ball pythons
  6 giant cockroaches
  A gnoll zombie (Ossuary)
  8 hobgoblins
  14 jackals
  6 quokkas
  7 bats
  8 frilled lizards
  14 goblins
  3 hobgoblin zombies (Ossuary)
  3 kobolds
  A leopard gecko skeleton (D:5)
  An orc zombie (Ossuary)
  9 rats
  A rat zombie (Ossuary)
289 creatures vanquished.

Vanquished Creatures (others)
  A two-headed ogre (D:11)
  A wraith (D:8)
  A centaur (D:9)
  A human skeleton (D:8)
4 creatures vanquished.

Grand Total: 293 creatures vanquished

Action                   |  1- 3 |  4- 6 |  7- 9 | 10-12 || total
-------------------------+-------+-------+-------+-------++-------
Melee: Hand axe          |     2 |       |       |       ||     2
       Dagger            |    13 |    10 |     4 |       ||    27
       Morningstar       |       |       |    32 |   103 ||   135
Throw: Throwing net      |       |     2 |     1 |     1 ||     4
 Cast: Flame Tongue      |    74 |   123 |   158 |   222 ||   577
       Conjure Flame     |       |     6 |    18 |    29 ||    53
       Sticky Flame      |       |     2 |    25 |    53 ||    80
       Throw Frost       |       |       |       |    47 ||    47
 Abil: Hop               |     4 |       |     1 |     5 ||    10
Evoke: Wand              |       |       |     2 |     5 ||     7
  Use: Scroll            |       |       |    12 |     3 ||    15
       Potion            |       |       |     3 |     3 ||     6
 Stab: Sleeping          |       |       |     1 |     2 ||     3
       Distracted        |       |       |       |     2 ||     2
       Held in net/web   |       |       |       |     2 ||     2
  Eat: Chunk             |     4 |    10 |    24 |    43 ||    81
       Royal jelly       |       |       |     1 |       ||     1
       Meat ration       |       |       |     1 |       ||     1
       Pizza             |       |       |     1 |       ||     1
Armor: Robe              |    39 |     3 |    15 |    24 ||    81
Dodge: Dodged            |    90 |    37 |   104 |   134 ||   365

Vault maps used:
D:1:      scummos_arrival_forest
D:2:      first_bread
D:3:      cheibrodos_greedy_goblins, marbit_many_paths, elyvilon_altar_1,
          kennysheep_generic_room_16
D:4:      serial_shops, shop, uniq_sigmund
D:5:      minmay_diamond_boxcup, nicolae_overflow_crystal_walls, serial_shops,
          nicolae_shop_crystal, uniq_grinder
D:6:      overflow_temple_1_default, lemuel_coloured_pillars_altar,
          old_standard_altar, enter_ossuary_3, okawaru_metal_pillars_3
D:7:      zin_treasury, basic_altar, the_bakery, uniq_menkaure
D:8:      lemuel_mausoleum_altar_kikubaaqudgha, slow_altar_1,
          overflow_temple_1_default, gammafunk_temple_overflow_wave,
          minmay_misc_feat_chi, trog_ov_bears_minmay, uniq_joseph
D:9:      uniq_psyche
D:10:     serial_shops, shop
D:11:     lair_entry_dummy, disabler_island, uniq_sonja, uniq_snorg
Temple:   nicolae_temple_figure_zero
Ossuary:  ossuary_minmay_tomb_2a
